 Dungeon Crawl Stone Soup version 0.31-a0-142-g31f6795574 (webtiles) character file.

Game seed: 237741499884044985

1048 pokeman the Thaumaturge (level 8, -1/44 HPs)
             Began as a Deep Elf Hedge Wizard on June 3, 2023.
             Succumbed to a water moccasin's poison
             ... on level 5 of the Dungeon.
             The game lasted 00:10:20 (5362 turns).

pokeman the Thaumaturge (Deep Elf Hedge Wizard)     Turns: 5362, Time: 00:10:21

Health: -1/44      AC:  4    Str:  7    XL:     8   Next: 5%
Magic:  6/23       EV: 13    Int: 22    God:
Gold:   225        SH:  0    Dex: 14    Spells: 17/25 levels left

rFire   . . .        t - +1 falchion (drain)
rCold   . . .        (no shield)
rNeg    . . .        b - +0 robe
rPois   .            m - +0 helmet
rElec   .            (no cloak)
rCorr   .            (no gloves)
SInv    .            n - +0 pair of boots
Will    .....        (no amulet)
Stlth   ++           (no ring)
HPRegen 0.27/turn    (no ring)
MPRegen 0.18/turn

%: no passive effects
@: lethally poisoned (-1 -> -14), on blink cooldown
A: no striking features
a: no special abilities


You were on level 5 of the Dungeon.
You visited 1 branch of the dungeon, and saw 5 of its levels.

You collected 346 gold pieces.
You spent 121 gold pieces at shops.

Inventory:

Hand Weapons
 c - a +3 dagger of holy wrath
 t - a +1 falchion of draining (weapon)
Missiles
 e - 2 throwing nets
Armour
 b - a +0 robe (worn)
 m - a +0 helmet (worn)
 n - a +0 pair of boots (worn)
 u - a scarf of harm
Jewellery
 j - the ring of the Viny God {rF+ Str+7 Int-3 Dex+6}
   (You found it on level 2 of the Dungeon)

   [ring of dexterity]

   Str:       It affects your strength (+7).
   Int:       It affects your intelligence (-3).
   Dex:       It affects your dexterity (+6).
   rF:        It protects you from fire.
Scrolls
 a - 4 scrolls of teleportation
 g - 5 scrolls of identify
 i - a scroll of fog {unknown}
 k - 3 scrolls of vulnerability {unknown}
 p - 2 scrolls of magic mapping {unknown}
 q - a scroll of silence {unknown}
 s - a scroll of fear {unknown}
Potions
 d - a potion of magic
 f - a potion of curing
 h - 2 potions of lignification {unknown}
 l - a potion of cancellation {unknown}
 o - a potion of resistance {unknown}
 r - 2 potions of heal wounds {unknown}


   Skills:
 + Level 2.1 Fighting
 - Level 2.1 Armour
 - Level 3.0 Dodging
 - Level 3.0 Stealth
 * Level 9.0 Spellcasting
 + Level 4.4 Conjurations
 + Level 3.1 Summonings
 - Level 1.1 Translocations
 - Level 1.2 Air Magic
 - Level 1.2 Poison Magic


You had 17 spell levels left.
You knew the following spells:

 Your Spells              Type           Power      Damage    Failure   Level
a - Magic Dart            Conj           100%       1d8       1%          1
b - Mephitic Cloud        Conj/Pois/Air  20%        N/A       8%          3
c - Call Imp              Summ           46%        N/A       2%          2
d - Blink                 Tloc           28%        N/A       6%          2

Your spell library contained the following spells:

 Spells                   Type           Power      Damage    Failure   Level
 Slow                     Hex            36%        N/A       7%          1
 Cigotuvi's Dreadful Rot  Necr/Pois/Air  26%        N/A       7%          2


Dungeon Overview and Level Annotations

Branches:
Dungeon (5/15)
 Temple: D:4-7

Altars:
Ashenzari
Uskayaw
Yredelemnul

Shops:
D:4 ?

Annotations:
D:1 Scroll behind rock


Message History

It was a potion of curing.
You feel better.
You aren't carrying any items that you can evoke.
Casting: Blink (safe; 6% risk of failure)
Confirm with . or Enter, or press ? or * to list all spells.
A tiny devil pulls itself out of the air.
Casting: Call Imp (safe; 2% risk of failure)
Confirm with . or Enter, or press ? or * to list all spells.
Aiming: Magic Dart (safe; 1% risk of failure)
Press: ? - help, Shift-Dir - straight line, f - water moccasin
Aim: a water moccasin (ally target, 100% to hit)
The magic dart hits the water moccasin.
The water moccasin is lightly wounded.
You feel stable enough to blink again.
Your cerulean imp closely misses the water moccasin.
Casting: Magic Dart (safe; 1% risk of failure)
Confirm with . or Enter, or press ? or * to list all spells.
Aiming: Magic Dart (safe; 1% risk of failure)
Press: ? - help, Shift-Dir - straight line, f/p - water moccasin
Aim: a water moccasin (lightly wounded, ally target, 100% to hit)
The magic dart hits the water moccasin but does no damage.
The water moccasin is lightly wounded.
The water moccasin bites you.
* * * LOW HITPOINT WARNING * * *
Your cerulean imp hits the water moccasin from afar with a -2 spear.
Casting: Magic Dart (safe; 1% risk of failure)
Confirm with . or Enter, or press ? or * to list all spells.
Aiming: Magic Dart (safe; 1% risk of failure)
Press: ? - help, Shift-Dir - straight line, f/p - water moccasin
Aim: a water moccasin (moderately wounded, ally target, 100% to hit)
The magic dart hits the water moccasin!
The water moccasin is heavily wounded.
The water moccasin bites you.
* * * LOW HITPOINT WARNING * * *
You are lethally poisoned!
The water moccasin poisons you!
Your cerulean imp closely misses the water moccasin.
Casting: Magic Dart (safe; 1% risk of failure)
Confirm with . or Enter, or press ? or * to list all spells.
You blink.
You die...

.#≈§≈§≈ ## .....#
#.## #....# #...#
#....##.....
#....#......
#...........
#...........
#...@.......
##..........
#####..†..###.###.
#...5....#...# ..#
#........#..# #.#
. #.§S<....#.#.#.#
.# #...†.....###:#
[# #########..#.#.
.# #......## .###


You could see a water moccasin (ally target) and a friendly cerulean imp
(summoned).

Vanquished Creatures
  Edmund (D:4)
  A centaur (D:5)
  An ogre (D:4)
  3 phantoms
  A water moccasin skeleton (D:4)
  2 jellies (D:5)
  An orc priest (D:4)
  2 scorpion zombies (D:4)
  2 hound zombies (D:4)
  A hound skeleton (D:4)
  Robin (D:2)
  3 gnolls (D:2)
  2 adders
  A white imp (D:5)
  2 worms (D:2)
  5 dart slugs
  9 orcs
  4 ball pythons
  7 endoplasms
  3 giant cockroaches
  4 goblins (D:2)
  6 hobgoblins
  8 jackals
  3 quokkas
  3 bats
  7 frilled lizards
  5 kobolds
  3 rats (D:2)
91 creatures vanquished.

Vanquished Creatures (collateral kills)
  A yak (D:5)
  An iguana (D:3)
2 creatures vanquished.

Vanquished Creatures (others)
  A black bear (D:5)
  An ogre (D:5)
  A centaur (D:5)
  2 adders (D:5)
5 creatures vanquished.

Grand Total: 98 creatures vanquished

Notes
Turn   | Place    | Note
-------+----------+-------------------------------------------
     0 | D:1      | pokeman the Deep Elf Hedge Wizard began the quest for the
                  | Orb.
     0 | D:1      | Reached XP level 1. HP: 10/10 MP: 7/7
   494 | D:1      | Reached XP level 2. HP: 16/16 MP: 5/9
  1162 | D:2      | Reached skill level 5 in Spellcasting
  1235 | D:2      | Identified the ring of the Viny God {rF+ Str+7 Int-3 Dex+6}
  1378 | D:2      | Reached XP level 3. HP: 20/20 MP: 4/11
  1382 | D:2      | Learned a level 3 spell: Mephitic Cloud
  1385 | D:2      | Learned a level 2 spell: Call Imp
  1388 | D:2      | Learned a level 2 spell: Blink
  1777 | D:2      | Noticed Robin
  1871 | D:2      | Killed Robin
  1872 | D:2      | Reached skill level 1 in Fighting
  1872 | D:2      | Reached skill level 1 in Armour
  2338 | D:2      | Reached XP level 4. HP: 16/25 MP: 5/13
  2911 | D:3      | Found a hide-covered altar of Uskayaw.
  2912 | D:3      | Found a basalt altar of Yredelemnul.
  3066 | D:3      | Reached skill level 6 in Spellcasting
  3189 | D:3      | Reached XP level 5. HP: 29/29 MP: 2/15
  3875 | D:4      | Noticed a phantom
  3898 | D:4      | Killed a phantom
  4096 | D:4      | Noticed a phantom
  4146 | D:4      | Killed a phantom
  4147 | D:4      | Reached skill level 7 in Spellcasting
  4147 | D:4      | Reached XP level 6. HP: 10/34 MP: 7/18
  4274 | D:4      | Reached skill level 1 in Air Magic
  4274 | D:4      | Reached skill level 1 in Poison Magic
  4452 | D:4      | Found a broken altar of Ashenzari.
  4462 | D:4      | Reached XP level 7. HP: 18/39 MP: 11/20
  4616 | D:4      | Found Licaytt's Magic Scroll Boutique.
  4622 | D:4      | Bought a scroll of teleportation for 33 gold pieces
  4622 | D:4      | Bought 2 scrolls of identify for 44 gold pieces
  4622 | D:4      | Bought a scroll of identify for 22 gold pieces
  4622 | D:4      | Bought a scroll of identify for 22 gold pieces
  4633 | D:4      | Noticed Edmund
  4675 | D:4      | Killed Edmund
  4676 | D:4      | Reached skill level 8 in Spellcasting
  4929 | D:5      | Entered Level 5 of the Dungeon
  5177 | D:5      | Noticed a yak
  5203 | D:5      | Killed a yak
  5344 | D:5      | Reached skill level 9 in Spellcasting
  5344 | D:5      | Reached XP level 8. HP: 27/44 MP: 21/23
  5362 | D:5      | Succumbed to a water moccasin's poison

Illustrated notes

Levels and vault maps discovered:
D:1:      lightli_iron_boxes, layout_loops_corners, serial_glass,
          glass_columns_c, glass_columns_a, item_on_display_a, feat_on_display,
          item_on_display_a
D:2:      minmay_spotlight, layout_loops_ring, uniq_robin
D:3:      layout_loops_ring, gammafunk_temple_overflow_statue,
          minmay_misc_feat_encased, minmay_door_square
D:4:      layout_basic, mainiacjoe_overflow_alcove_1, serial_undead,
          serial_undead_d, serial_undead_c, serial_undead_f, serial_undead_a,
          serial_shops, nicolae_shop_stone, kennysheep_generic_room_2,
          uniq_edmund
D:5:      layout_basic, xom_confusion_cloud, grunt_gozag_breadcrumbs,
          minmay_manual_mail

Skill      XL: |  1  2  3  4  5  6  7 |
---------------+----------------------+-----
Spellcasting   | 5 6 7 9 |  9.0
Fighting       | 1 2 |  2.1
Armour         | 1 2 |  2.1
Conjurations   | 2 3 4 |  4.4
Stealth        | 3 |  3.0
Dodging        | 3 |  3.0
Air Magic      | 1 |  1.2
Poison Magic   | 1 |  1.2
Summonings     | 3 |  3.1
Translocations | |  1.1

Action                     |  1- 3 |  4- 6 |  7- 9 || total
---------------------------+-------+-------+-------++-------
  Melee: Dagger            |    31 |    64 |    30 ||   125
         Punch             |       |     2 |     3 ||     5
         Falchion          |       |       |    22 ||    22
   Cast: Magic Dart        |   117 |    97 |    44 ||   258
         Mephitic Cloud    |     2 |     5 |    10 ||    17
         Call Imp          |       |     7 |     6 ||    13
         Blink             |       |     2 |     4 ||     6
    Use: Potion            |       |       |     1 ||     1
   Stab: Confused          |     2 |     1 |     4 ||     7
         Sleeping          |       |     1 |       ||     1
         Distracted        |       |       |     1 ||     1
 Armour: Robe              |     9 |    14 |    13 ||    36
  Dodge: Dodged            |    28 |    49 |    45 ||   122

Table legend: (Time is in decaauts)
 A = Elapsed time spent in this place.
 B = Non-inter-level travel time spent in this place.
 C = Inter-level travel time spent in this place.
 D = Time resting spent in this place.
 E = Time spent auto-exploring this place.
 F = Levels seen in this place.
 G = Mean time per level.
                   A        B        C        D        E       F      G
               +--------+--------+--------+--------+--------+-----+--------+
         Total |   5367 |   5257 |    110 |    306 |   4037 |   5 | 1073.4 |
       Dungeon |   5367 |   5257 |    110 |    306 |   4037 |   5 | 1073.4 |
               +--------+--------+--------+--------+--------+-----+--------+

Top non-repeatable levels by time:
     D:2: 1511 daAuts
     D:4: 1369 daAuts
     D:1: 1164 daAuts
     D:3: 1112 daAuts
     D:5: 209 daAuts
